 Dungeon Crawl Stone Soup version 0.28-a0-2-g643f2454ad (console) character file.

Game seed: 10297758398482468512

77845 jejorda2 the Phalangite (level 15, -3/115 HPs)
             Began as a Merfolk Berserker on July 22, 2021.
             Was a High Priest of Trog.
             Shot with a sling bullet by a faun (13 damage)
             ... on level 1 of the Shoals on July 23, 2021.
             The game lasted 01:14:07 (32657 turns).

jejorda2 the Phalangite (Merfolk Berserker)        Turns: 32657, Time: 01:14:08

Health: -3/115     AC: 20    Str: 24    XL:     15   Next: 58%
Magic:  15/15      EV: 10    Int:  7    God:    Trog [*****.]
Gold:   1116       SH:  5    Dex: 18    Spells: 14/14 levels left

rFire   + . .      SeeInvis +   a - +6 bardiche (venom)
rCold   + + .      Faith    .   (shield currently unavailable)
rNeg    . . .      Spirit   .   L - +0 plate armour
rPois   .          Reflect  +   Q - +0 hat "Wutu" {rF+ Dex+5}
rElec   .          Harm     .   z - +0 cloak
rCorr   +          Rampage  .   v - +2 pair of gloves
Will    .....                   R - +0 pair of boots
Stlth   ..........              N - amulet "Vion" {Reflect Fly rC+ rCorr SH+5 Stlth-}
HPRegen 0.29/turn               r - ring of see invisible
MPRegen 0.14/turn               K - ring of protection from cold

@: lethally poisoned (-3 -> -7), lit by a corona, weak-willed, spiked, flying,
glowing
A: (nimble swimmer 2), mertail
a: Renounce Religion, Berserk, Trog's Hand, Brothers in Arms


You were on level 1 of the Shoals.
You worshipped Trog.
Trog was extremely pleased with you.
You visited 4 branches of the dungeon, and saw 21 of its levels.

You collected 2378 gold pieces.
You spent 1262 gold pieces at shops.

Inventory:

Hand Weapons
 a - a +6 bardiche of venom (weapon)
 b - a +5 halberd of flaming
 B - a +3 halberd of freezing
 G - a +0 glaive
Missiles
 c - 3 javelins (quivered)
 e - 2 throwing nets
 g - 51 poisoned darts
 A - 9 curare-tipped darts
 D - 29 boomerangs
 T - 9 boomerangs of dispersal
 U - 8 silver boomerangs
Armour
 p - a +2 scale mail of cold resistance
 v - a +2 pair of gloves (worn)
 x - a +0 helmet
 z - a +0 cloak (worn)
 L - a +0 plate armour (worn)
 Q - the +0 hat "Wutu" (worn) {rF+ Dex+5}
   (You found it on level 5 of the Lair of Beasts)

   Dex:       It affects your dexterity (+5).
   rF:        It protects you from fire.
 R - a +0 pair of boots (worn)
Jewellery
 r - a ring of see invisible (left hand)
 t - a ring of fire
 F - a ring of flight
 K - a ring of protection from cold (right hand)
 N - the amulet "Vion" (around neck) {Reflect Fly rC+ rCorr SH+5 Stlth-}
   (You found it on level 2 of the Lair of Beasts)

   [amulet of reflection]

   It reflects blocked missile attacks.
   rC:        It protects you from cold.
   Fly:       It grants you flight.
   rCorr:     It protects you from acid and corrosion.
   SH:        It affects your SH (+5).
   Stlth:     It makes you less stealthy.
Wands
 u - a wand of polymorph (9)
 y - a wand of flame (57)
 C - a wand of charming (10)
 H - a wand of iceblast (15)
 P - a wand of mindburst (12)
Scrolls
 i - 3 scrolls of teleportation
 n - 5 scrolls of enchant weapon
 o - 5 scrolls of fear
 q - 9 scrolls of identify
 E - 3 scrolls of blinking
 I - a scroll of magic mapping
 J - 2 scrolls of enchant armour
 S - a scroll of holy word
 V - a scroll of summoning
 W - a scroll of fog
Potions
 d - a potion of resistance
 f - 6 potions of lignification
 h - 3 potions of cancellation
 j - 3 potions of heal wounds
 k - 3 potions of haste
 l - a potion of mutation
 m - 6 potions of might
 w - a potion of berserk rage
 O - a potion of curing
 X - a potion of invisibility
 Y - a potion of ambrosia
Miscellaneous
 M - a condenser vane


   Skills:
 - Level 10.0 Fighting
 * Level 24.9 Polearms
 + Level 8.3 Throwing
 - Level 10.0 Armour
 - Level 6.0 Dodging
 - Level 6.0 Evocations


You had 14 spell levels left.
You didn't know any spells.
Your spell library was empty.

Dungeon Overview and Level Annotations

Branches:
Dungeon (12/15)            Temple (0/1) D:6            Lair (6/6) D:11
 Shoals (1/4) Lair:2        Snake (0/4) Lair:4        Slime (0/5) Lair:5
    Orc (2/2) D:11            Elf (0/3) Orc:2

Altars:
Cheibriados
Dithmenos
Fedhas
Gozag
Kikubaaqudgha
Makhleb
Nemelex Xobeh
Okawaru
Trog
Vehumet
Beogh

Shops:
D:10 *   Orc:2 *?!?


Innate Abilities, Weirdness & Mutations

((You are quick and stealthy near water. (Stealth+, EV+, Speed+++)))
Your lower body shifts to a powerful aquatic tail in water.


Message History

Aim: a merfolk javelineer, wielding a +1 spear of venom, wearing a +0 leather armour and quivering javelins (almost dead, extremely poisoned, about 36% to evade your +6 bardiche of venom)
The faun is in the way.
Your plate armour prevents you from hitting the faun.
The faun is moderately wounded.
Your ogre struggles against the net.
A faun comes into view. It is wielding a +0 spear.
The merfolk javelineer closely misses you.
The faun unwields a +0 hunting sling.
The faun wields a +0 club.
The faun hits you but does no damage.
Your ogre struggles against the net.
Unknown command.
Reach: a) +6 bardiche (venom)
Press: ? - help, Dir - move target, f/p - merfolk javelineer
Aim: a merfolk javelineer, wielding a +1 spear of venom, wearing a +0 leather armour and quivering javelins (almost dead, extremely poisoned, about 36% to evade your +6 bardiche of venom)
The faun is in the way.
You closely miss the faun.
The faun is moderately wounded.
The faun shoots a stone.
The stone hits your ogre.
The merfolk javelineer hits you but does no damage.
You are poisoned.
Your ogre struggles against the net.
The net rips apart, and your ogre comes free!
Unknown command.
Unknown command.
Unknown command.
Reach: a) +6 bardiche (venom)
Press: ? - help, Dir - move target, f/p - merfolk javelineer
Aim: a merfolk javelineer, wielding a +1 spear of venom, wearing a +0 leather armour and quivering javelins (almost dead, extremely poisoned, about 35% to evade your +6 bardiche of venom)
You reach to attack!
You slice the merfolk javelineer!!
You kill the merfolk javelineer!
Trog accepts your kill.
You feel sick.
The faun shoots a stone.
The stone hits your ogre.
The faun unwields a +0 spear.
The faun wields a +2 hunting sling of flaming.
It bursts into flame!
The faun shoots a stone.
The stone hits you!
* * * LOW HITPOINT WARNING * * *
The stone burns you.
* * * LOW HITPOINT WARNING * * *
The faun unwields a +0 quarterstaff.
The faun wields a +0 hunting sling.
The faun shoots a sling bullet.
The sling bullet hits you!
You die...

....>...≈..# #..≈≈≈≈≈≈≈≈
....##..≈.## ##.≈≈≈≈≈≈≈≈
##..###.≈..## #..≈≈≈≈≈≈≈
##..###.≈...# ##.≈≈≈≈≈≈≈
#......≈≈..# #.≈≈≈≈≈≈≈
##..≈.≈≈≈≈..# ##.≈≈≈≈≈≈≈
#...≈)≈≈≈≈.## #.≈≈≈≈≈≈≈≈
....≈≈≈≈≈≈.# ##≈≈≈≈≈≈≈≈
...≈≈≈≈≈≈≈..# #@c≈≈≈≈≈≈≈
.....≈≈≈....# #..c≈≈≈≈P≈P
#.....≈≈........).≈≈≈≈≈≈P
##.....≈≈....≈≈.c.O≈≈≈≈≈P
....##.......≈≈≈(.≈≈≈≈≈..
...#[..###(..≈≈≈c≈≈≈....#
..###..# ##....≈≈≈≈≈....#
≈.# #.# #..c.≈≈≈((c..#
)## ##


You could see 6 fauns and a friendly ogre (summoned, berserk, weak-willed).

Vanquished Creatures
  Rupert (Lair:4)
  A merfolk javelineer (Shoals:1)
  A fire dragon (Lair:6)
  7 hydras
  3 boulder beetles
  2 catoblepae
  4 two-headed ogres
  A death yak (Lair:3)
  5 orc high priests (Orc:2)
  Sonja (D:12)
  A fire crab (Lair:6)
  2 sea snakes (Shoals:1)
  2 deep elf pyromancers
  13 orc knights
  A faun (Shoals:1)
  A manticore (Shoals:1)
  An oklob plant (Lair:1)
  3 orc sorcerers
  A merfolk siren (Shoals:1)
  6 elephants (Lair:4)
  A cyclops (Orc:1)
  7 black mambas
  A molten gargoyle (Lair:6)
  Maurice (D:8)
  10 cane toads
  A torpor snail (Lair:6)
  A rime drake (Lair:3)
  10 komodo dragons
  A kobold demonologist (D:10)
  A polar bear (Lair:4)
  8 trolls
  A hornet (Lair:2)
  30 blink frogs
  4 dream sheep (Lair:6)
  9 slime creatures (D:12)
  A meliai zombie (D:11)
  A water elemental (Shoals:1)
  A wraith (D:10)
  A centaur simulacrum (D:10)
  2 shadows
  9 wyverns
  51 yaks
  13 basilisks
  3 vampire mosquitoes
  5 steam dragons
  Menkaure (D:6)
  6 wargs
  3 nagas (Lair:4)
  11 water moccasins
  5 hell hounds (Lair:6)
  33 orc warriors
  3 black bears
  2 necrophages
  2 ice beasts
  14 centaurs
  9 ogres
  16 wolves
  A phantom (D:6)
  3 kobold brigands
  11 bullfrogs
  A gnoll sergeant (D:8)
  A water moccasin zombie (D:6)
  2 scorpions
  A water moccasin skeleton (D:6)
  10 killer bees
  2 howler monkeys (D:10)
  9 wights
  4 lava snakes (Lair:6)
  29 orc priests
  2 centaur zombies
  3 hounds
  6 centaur skeletons
  An iguana (D:4)
  16 orc wizards
  6 hell rats (Lair:6)
  A howler monkey zombie (D:7)
  8 gnolls
  A howler monkey skeleton (D:6)
  20 adders
  A white imp (D:6)
  A worm (D:4)
  4 dart slugs
  69 orcs
  12 ball pythons
  3 endoplasms
  6 giant cockroaches
  7 goblins
  5 hobgoblins
  2 jackals (D:2)
  3 quokkas
  3 bats (D:2)
  A frilled lizard (D:3)
  15 kobolds
  A quokka skeleton (D:4)
  3 rats
609 creatures vanquished.

Vanquished Creatures (collateral kills)
  A hydra (Lair:3)
  A death yak (Lair:3)
  A tengu warrior (D:12)
  A molten gargoyle (Lair:6)
  A torpor snail (Lair:3)
  A steam dragon (Lair:6)
  A water moccasin (Lair:3)
  An orc warrior (Orc:1)
  A lava snake (Lair:6)
9 creatures vanquished.

Vanquished Creatures (others)
  An orc wizard (D:11)
  An orc (Orc:1)
  103 fungi
  160 plants
265 creatures vanquished.

Grand Total: 883 creatures vanquished

Notes
Turn   | Place    | Note
-------+----------+-------------------------------------------
     0 | D:1      | jejorda2 the Merfolk Berserker began the quest for the Orb.
     0 | D:1      | Reached XP level 1. HP: 18/18 MP: 1/1
   299 | D:1      | Reached XP level 2. HP: 23/24 MP: 2/2
   886 | D:2      | Reached skill level 5 in Polearms
  1261 | D:2      | Reached XP level 3. HP: 28/29 MP: 3/3
  1277 | D:2      | Found a faded altar of an unknown god.
  1749 | D:3      | Reached ** piety under Trog
  2126 | D:3      | Found an iron altar of Okawaru.
  2136 | D:3      | Found a radiant altar of Vehumet.
  2136 | D:3      | Found a burning altar of Makhleb.
  2137 | D:3      | Found an opulent altar of Gozag.
  2137 | D:3      | Found a blossoming altar of Fedhas.
  2137 | D:3      | Found a snail-covered altar of Cheibriados.
  2143 | D:3      | Reached skill level 6 in Polearms
  2143 | D:3      | Reached XP level 4. HP: 37/37 MP: 4/4
  2600 | D:4      | Reached XP level 5. HP: 41/42 MP: 5/5
  3158 | D:4      | Reached skill level 7 in Polearms
  3349 | D:4      | Reached XP level 6. HP: 36/49 MP: 6/6
  3509 | D:4      | Found a bloodstained altar of Trog.
  3607 | D:4      | Reached *** piety under Trog
  3749 | D:4      | Reached skill level 5 in Fighting
  3749 | D:4      | Reached skill level 8 in Polearms
  4078 | D:5      | Entered Level 5 of the Dungeon
  4394 | D:5      | Reached XP level 7. HP: 49/56 MP: 7/7
  4738 | D:5      | Reached skill level 9 in Polearms
  5632 | D:6      | Reached XP level 8. HP: 56/64 MP: 8/8
  5682 | D:6      | Reached skill level 10 in Polearms
  5683 | D:6      | Found a shadowy altar of Dithmenos.
  5733 | D:6      | Found a sparkling altar of Nemelex Xobeh.
  6224 | D:6      | Noticed Menkaure
  6230 | D:6      | Killed Menkaure
  6231 | D:6      | Reached skill level 11 in Polearms
  6585 | D:6      | Found a staircase to the Ecumenical Temple.
  6883 | D:7      | Noticed a wyvern
  6893 | D:7      | Killed a wyvern
  6894 | D:7      | Reached skill level 12 in Polearms
  6894 | D:7      | Reached XP level 9. HP: 69/69 MP: 9/9
  7233 | D:7      | Reached skill level 13 in Polearms
  7233 | D:7      | Reached skill level 5 in Armour
  7311 | D:7      | Reached **** piety under Trog
  7981 | D:8      | Noticed Maurice
  7985 | D:8      | Killed Maurice
  7986 | D:8      | Reached skill level 14 in Polearms
  8532 | D:8      | Reached XP level 10. HP: 76/76 MP: 10/10
  8625 | D:8      | Reached skill level 15 in Polearms
  9624 | D:9      | Reached skill level 16 in Polearms
  9986 | D:9      | Noticed an eight-headed hydra
  9999 | D:9      | Killed an eight-headed hydra
 10178 | D:9      | Reached skill level 17 in Polearms
 10527 | D:10     | Entered Level 10 of the Dungeon
 10532 | D:10     | Identified the +5 dagger "Baacom" {flame, Int+3}
 10602 | D:9      | Reached skill level 1 in Throwing
 10842 | D:10     | Noticed a two-headed ogre
 10847 | D:10     | Killed a two-headed ogre
 10848 | D:10     | Reached XP level 11. HP: 81/81 MP: 11/11
 10856 | D:10     | Reached skill level 18 in Polearms
 11331 | D:10     | Found Obaisch's Neck Hole.
 11720 | D:10     | Reached skill level 19 in Polearms
 11903 | D:11     | Reached ***** piety under Trog
 12090 | D:11     | Found a staircase to the Lair.
 12548 | D:11     | Reached skill level 5 in Throwing
 12730 | D:11     | Found a staircase to the Orcish Mines.
 12734 | D:11     | Noticed a deep elf pyromancer
 12742 | D:11     | Killed a deep elf pyromancer
 12963 | D:11     | Noticed a two-headed ogre
 12974 | D:11     | Killed a two-headed ogre
 13077 | D:11     | Noticed a boulder beetle
 13089 | D:11     | Killed a boulder beetle
 13296 | D:12     | Noticed a seven-headed hydra
 13304 | D:12     | Killed a seven-headed hydra
 13305 | D:12     | Reached skill level 5 in Dodging
 13305 | D:12     | Reached XP level 12. HP: 88/88 MP: 12/12
 13414 | D:12     | Noticed a tengu warrior
 13424 | D:12     | Killed a tengu warrior
 13425 | D:12     | Reached skill level 20 in Polearms
 13604 | D:12     | Reached skill level 1 in Evocations
 13718 | D:12     | Noticed a two-headed ogre
 13732 | D:12     | Killed a two-headed ogre
 14241 | D:12     | Noticed Sonja
 14247 | D:12     | Killed Sonja
 14975 | Lair:1   | Entered Level 1 of the Lair of Beasts
 14988 | Lair:1   | Found an ancient bone altar of Kikubaaqudgha.
 15179 | Lair:1   | HP: 4/92 [komodo dragon (15)]
 15925 | Lair:1   | Noticed a five-headed hydra
 15935 | Lair:1   | Killed a five-headed hydra
 16386 | Lair:1   | Reached skill level 5 in Evocations
 16644 | Lair:2   | Reached XP level 13. HP: 68/99 MP: 13/13
 16993 | Lair:2   | HP: 4/100 [blink frog (9)]
 17477 | Lair:2   | Found a staircase to the Shoals.
 17487 | Lair:2   | Received a gift from Trog
 17914 | Lair:2   | Identified the amulet "Vion" {Reflect Fly rC+ rCorr SH+5
                  | Stlth-}
 19711 | Lair:3   | Reached skill level 21 in Polearms
 19834 | Lair:3   | Reached skill level 10 in Fighting
 20998 | Lair:4   | Noticed Rupert
 21012 | Lair:4   | Killed Rupert
 21077 | Lair:4   | Found a staircase to the Snake Pit.
 21183 | Lair:4   | Reached XP level 14. HP: 44/110 MP: 14/14
 22335 | Lair:4   | Reached skill level 22 in Polearms
 22612 | Lair:4   | Identified a scroll of acquirement
 22612 | Lair:4   | Acquired 677 gold pieces
 22649 | Lair:5   | Identified the +0 hat "Wutu" {rF+ Dex+5}
 23450 | Lair:5   | Found a staircase to the Slime Pits.
 23858 | Lair:6   | Entered Level 6 of the Lair of Beasts
 24639 | Lair:6   | Reached skill level 10 in Armour
 24819 | Lair:6   | Found a large runed translucent door.
 24819 | Lair:6   | Found a large runed translucent door.
 24892 | Lair:6   | Reached skill level 23 in Polearms
 26815 | Orc:1    | Entered Level 1 of the Orcish Mines
 26821 | Orc:1    | Paralysed by an orc sorcerer for 3 turns
 27261 | D:11     | Reached XP level 15. HP: 68/115 MP: 15/15
 27620 | Orc:2    | Entered Level 2 of the Orcish Mines
 28113 | Orc:2    | Paralysed by an orc sorcerer for 5 turns
 28554 | Orc:1    | Reached skill level 24 in Polearms
 28555 | Orc:1    | Received a gift from Trog
 28910 | Orc:2    | Found a staircase to the Elven Halls.
 29750 | Orc:2    | Received a gift from Trog
 31797 | Orc:2    | Found Jioshrob's Magic Scroll Emporium.
 31798 | Orc:2    | Found Matoim's General Store.
 31798 | Orc:2    | Found Baremoe's Magic Scroll Shoppe.
 31914 | Orc:2    | Found Deotothro's Distillery.
 32351 | Orc:2    | Bought 2 potions of degeneration for 22 gold pieces
 32357 | Orc:2    | Bought a scroll of acquirement for 832 gold pieces
 32357 | Orc:2    | Bought a scroll of summoning for 152 gold pieces
 32357 | Orc:2    | Bought a scroll of fog for 32 gold pieces
 32361 | Orc:2    | Bought a potion of invisibility for 112 gold pieces
 32361 | Orc:2    | Bought a potion of ambrosia for 112 gold pieces
 32363 | Orc:2    | Acquired a +6 bardiche of venom
 32513 | Shoals:1 | Entered Level 1 of the Shoals
 32657 | Shoals:1 | Shot with a sling bullet by a faun

Illustrated notes

Levels and vault maps discovered:
D:1:      minmay_arrival_three_doors, layout_basic
D:2:      layout_basic, shapermc_ecumenical_altar_mp_ritualfount
D:3:      layout_loops_ring, grunt_temple_overflow_open
D:4:      minmay_recursive_quarters, layout_gridville, trog_antimagical
D:5:      layout_basic
D:6:      layout_basic, jmf_multi_god_temple, minmay_temple_entry_proselytizer,
          st_stairs_7, uniq_menkaure
D:7:      layout_loops_ring, minmay_tree_intersection, corner_web_ring
D:8:      layout_loops_corners, uniq_maurice
D:9:      layout_stronghold
D:10:     layout_roguey, nicolae_shop_sticking_my_neck_out
D:11:     layout_roguey, grunt_lair_entry_orc_guard_hut
D:12:     layout_grid_maze, uniq_sonja
Lair:1:   layout_misc_corridors, basic_altar, chequers_serial_rivers_micro_c,
          minmay_lair_oklob_chamber
Lair:2:   minmay_lair_venomous_thicket, layout_long_grid,
          minmay_shoals_entry_centaurs
Lair:3:   layout_regular_city
Lair:4:   layout_regular_city, guppyfry_snake_entry_garden, hibernation_bobbens,
          uniq_rupert
Lair:5:   layout_big_grid, dpeg_slime_entry_corner
Lair:6:   cheibrodos_lair_end_hotspot, layout_loops_ring, lemuel_fruit_tree,
          serial_bayou_shore_b
Shoals:1: layout_shoals, uniq_nikola
Orc:1:    layout_diamond_mine, basic_altar
Orc:2:    st_orc_pillars, layout_diamond_mine

Skill      XL: |  1  2  3  4  5  6  7  8  9 10 11 12 13 14 15 |
---------------+----------------------------------------------+-----
Polearms       | 5 6 7 8 9 12 14 17 19 20 21 23 24 | 24.9
Fighting       | 4 5 6 8 10 | 10.0
Armour         | 2 3 4 5 6 7 8 10 | 10.0
Throwing       | 2 6 8 |  8.3
Dodging        | 5 6 |  6.0
Evocations     | 5 6 |  6.0

Action                   |  1- 3 |  4- 6 |  7- 9 | 10-12 | 13-15 || total
-------------------------+-------+-------+-------+-------+-------++-------
Melee: Spear             |   106 |   114 |       |       |       ||   220
       Halberd           |       |    18 |   277 |   176 |       ||   471
       Trident           |       |       |       |    44 |    27 ||    71
       Glaive            |       |       |       |   297 |   929 ||  1226
       Bardiche          |       |       |       |       |   350 ||   350
Throw: Javelin           |       |     4 |     1 |       |     6 ||    11
       Dart              |       |       |    16 |    38 |   248 ||   302
       Boomerang         |       |       |       |     1 |    12 ||    13
Invok: Berserk           |       |     6 |     7 |    22 |    17 ||    52
       Trog's Hand       |       |       |       |     2 |     5 ||     7
       Brothers in Arms  |       |       |       |     1 |     6 ||     7
Evoke: Wand              |       |       |       |     3 |       ||     3
       Condenser vane    |       |       |       |       |     1 ||     1
  Use: Scroll            |       |    13 |     3 |     7 |     5 ||    28
       Potion            |       |       |       |       |     3 ||     3
 Stab: Sleeping          |     2 |       |       |       |       ||     2
Armor: Animal skin       |     5 |       |       |       |       ||     5
       Ring mail         |     6 |    22 |    48 |       |       ||    76
       Scale mail        |       |       |    19 |   127 |       ||   146
       Plate armour      |       |       |       |    26 |   472 ||   498
Dodge: Dodged            |    45 |    32 |    92 |   193 |   373 ||   735
Block: Other             |       |    12 |    35 |       |   157 ||   204
       Reflection        |       |       |     1 |       |     2 ||     3

Table legend: (Time is in decaauts)
 A = Elapsed time spent in this place.
 B = Non-inter-level travel time spent in this place.
 C = Inter-level travel time spent in this place.
 D = Time resting spent in this place.
 E = Time spent auto-exploring this place.
 F = Levels seen in this place.
 G = Mean time per level.
                   A        B        C        D        E       F      G
               +--------+--------+--------+--------+--------+-----+--------+
         Total |  32462 |  30772 |   1690 |   6420 |  20046 |  21 | 1545.8 |
       Dungeon |  15967 |  15151 |    816 |   2962 |  10504 |  12 | 1330.6 |
          Lair |  11501 |  10848 |    653 |   2055 |   7223 |   6 | 1916.8 |
        Shoals |    125 |    125 |      0 |     11 |     64 |   1 |  125.0 |
  Orcish Mines |   4867 |   4646 |    221 |   1390 |   2254 |   2 | 2433.5 |
               +--------+--------+--------+--------+--------+-----+--------+

Top non-repeatable levels by time:
   Orc:1: 2680 daAuts
    D:11: 2496 daAuts
  Lair:6: 2466 daAuts
   Orc:2: 2187 daAuts
  Lair:1: 2135 daAuts
  Lair:2: 1921 daAuts
     D:4: 1809 daAuts
  Lair:4: 1808 daAuts
  Lair:3: 1745 daAuts
     D:9: 1608 daAuts
     D:6: 1550 daAuts
    D:12: 1514 daAuts
  Lair:5: 1423 daAuts
     D:8: 1249 daAuts
     D:5: 1247 daAuts
